 Dungeon Crawl Stone Soup version 0.25-a0-424-g80bd347 (webtiles) character file.

Game seed: 1029085068171226028, levelgen mode: deterministic

230 Auros the Digger (level 5, -1/45 HPs)
             Began as a Troll Earth Elementalist on Jan 19, 2020.
             Slain by Natasha (2 damage)
             ... on level 2 of the Dungeon.
             The game lasted 00:09:54 (1472 turns).

Auros the Digger (Troll Earth Elementalist)         Turns: 1472, Time: 00:09:55

Health: -1/45      AC:  7    Str: 17    XL:     5   Next: 72%
Magic:  5/5        EV: 10    Int: 11    God:
Gold:   72         SH:  0    Dex: 10    Spells: 2/6 levels left

rFire    . . .     SeeInvis .     - Unarmed
rCold    . . .     Gourm    +   (no shield)
rNeg     + . .     Faith    .   c - +0 robe
rPois    .         Spirit   .   (helmet restricted)
rElec    .         Reflect  .   o - +0 cloak
rCorr    .         Harm     .   (gloves unavailable)
MR       .....                  (boots unavailable)
Stlth    +.........             (no amulet)
HPRegen  0.55/turn              m - ring of positive energy
MPRegen  0.09/turn              (no ring)

@: about to teleport
A: large, unfitting armour, claws 3, fast metabolism 3, gourmand, regeneration
1, shaggy fur 1, tough skin 3
a: no special abilities


You were on level 2 of the Dungeon.
You were very full.

You visited 1 branch of the dungeon, and saw 3 of its levels.

You collected 72 gold pieces.

Inventory:

Missiles
 a - 24 arrows
 h - 2 throwing nets
 Z - 127 stones (quivered)
Armour
 c - a +0 robe (worn)
 o - a +0 cloak (worn)
Jewellery
 m - a ring of positive energy (left claw)
Scrolls
 b - 4 scrolls of identify {unknown}
 d - a scroll of magic mapping {unknown}
 g - a scroll of enchant armour {unknown}
 j - a scroll of fear {unknown}
 k - a scroll of blinking {unknown}
 l - a scroll of enchant weapon {unknown}
 n - a scroll of immolation {unknown}
 t - a scroll of teleportation
Potions
 f - 2 potions of brilliance {unknown}
 i - a potion of curing {unknown}
Comestibles
 z - 4 rations


   Skills:
 - Level 1.5 Dodging
 - Level 1.0 Stealth
 + Level 3.8 Unarmed Combat
 - Level 1.2 Spellcasting
   Level 0.6 Transmutations
 + Level 4.6 Earth Magic


You had 2 spell levels left.
You knew the following spells:

 Your Spells              Type           Power        Failure   Level  Hunger
a - Sandblast             Erth           ##....       4%          1    ##.....
b - Stone Arrow           Conj/Erth      #.....       36%         3    ####...

Your spell library contained the following spells:

 Spells                   Type           Power        Failure   Level  Hunger
 Passwall                 Tmut/Erth      #.......     17%         2    ###....
 Petrify                  Tmut/Erth      #.......     73%         4    #####..
 Lee's Rapid Deconstruct  Erth           ##........   80%         5    ######.


Dungeon Overview and Level Annotations

Branches:
Dungeon (3/15)

Altars:
Dithmenos
Wu Jian

Annotations:
D:2 Natasha


Innate Abilities, Weirdness & Mutations

You are too large for most types of armour.
You have claws for hands.
Your metabolism is lightning-fast.
You like to eat raw meat.
Your natural rate of healing is unusually fast.
You are covered in fur. (AC +1)
You have extremely tough skin. (AC +3)


Message History

Something tries to affect you, but you resist.
Something completely misses you.
You barely miss something. Something claws you!
* * * LOW HITPOINT WARNING * * *
You closely miss something. Something claws you.
* * * LOW HITPOINT WARNING * * *
You miss something. Something claws you!
* * * LOW HITPOINT WARNING * * *
Casting: Stone Arrow (slightly dangerous; 36% risk of failure)
Confirm with . or Enter, or press ? or * to list all spells.
You can't see any susceptible monsters within range! (Use Z to cast anyway.)
You hear some strange, mumbled words.
A magic dart appears from out of thin air!
The magic dart hits you!
* * * LOW HITPOINT WARNING * * *
As you read the scroll labeled LEOG LONUFUZEBB, it crumbles to dust.
You feel strangely unstable.
It was a scroll of teleportation.
t - a scroll of teleportation Something claws you.
You die...

###..##......#.###_.≈#.#
#.......##.###.##8...'.#
#.#.............##_.≈###
#.#..###.........#.### ######.#..#
#.........### #########
..........###.........# #.......#
..............#.......# #.####..#
###..#....<.###.......# #.####..#
###..#.#..### ###@##### #.##.....
........÷)# #...# #.##.#..#
.##..#....# #...# #.......#
.##.......# #...# #.......#
....##..########...##### #.#######
.#####..####......>....####.#######
.# #...............#......#......
## #.#####...........###..#....##
### #..# ####.....#### #.......##


There were no monsters in sight!

Vanquished Creatures
  Sigmund (D:2)
  Natasha (D:2)
  An adder (D:2)
  A gnoll (D:1)
  2 oozes (D:1)
  A dart slug (D:1)
  7 goblins
  2 hobgoblins
  3 jackals (D:1)
  5 kobolds
  A quokka (D:2)
  3 bats (D:2)
  2 frilled lizards
  3 rats
33 creatures vanquished.

Notes
Turn   | Place    | Note
-------+----------+-------------------------------------------
     0 | D:1      | Auros the Troll Earth Elementalist began the quest for the
                  | Orb.
     0 | D:1      | Reached XP level 1. HP: 16/16 MP: 1/1
   155 | D:1      | Reached skill level 1 in Unarmed Combat
   155 | D:1      | Reached skill level 3 in Earth Magic
   155 | D:1      | Reached XP level 2. HP: 24/24 MP: 2/2
   301 | D:1      | Reached XP level 3. HP: 26/31 MP: 3/3
   804 | D:2      | Noticed Sigmund
   887 | D:2      | Killed Sigmund
   887 | D:2      | Reached skill level 4 in Earth Magic
   887 | D:2      | Reached XP level 4. HP: 30/39 MP: 0/4
   887 | D:2      | Reached XP level 5. HP: 35/45 MP: 0/5
   908 | D:2      | Learned a level 3 spell: Stone Arrow
  1039 | D:2      | Found an ornate altar of the Wu Jian Council.
  1040 | D:2      | Found a shadowy altar of Dithmenos.
  1335 | D:2      | Noticed Natasha
  1340 | D:2      | Killed Natasha
  1427 | D:3      | Noticed an ogre
  1450 | D:2      | Noticed Natasha
  1471 | D:2      | HP: 1/45 [something/magic dart (9)]
  1472 | D:2      | Slain by Natasha

Levels and vault maps discovered:
D:1:      minmay_arrival_four_circles, layout_rooms, minmay_misc_feat_doors,
          minmay_quantized
D:2:      layout_loops_cross, gammafunk_temple_overflow_statue, uniq_natasha,
          uniq_sigmund
D:3:      layout_rooms, kennysheep_generic_room_14

Skill      XL: |  1  2  3 |
---------------+----------+-----
Unarmed Combat | 1 3 |  3.8
Earth Magic    | 3 4 |  4.6
Dodging        | |  1.5
Stealth        | |  1.0
Spellcasting   | |  1.2
Transmutations | |  0.6

Action                   |  1- 3 |  4- 6 || total
-------------------------+-------+-------++-------
Melee: Unarmed           |    86 |    28 ||   114
       Punch             |     1 |       ||     1
 Cast: Sandblast         |     4 |       ||     4
       Stone Arrow       |       |     2 ||     2
  Use: Scroll            |       |     1 ||     1
  Eat: Chunk             |    14 |     4 ||    18
Armor: Robe              |    54 |    17 ||    71
Dodge: Dodged            |    68 |    13 ||    81

Table legend:
 A = Non-vault XP
 B = Vault XP
 C = Vault XP percentage of total XP
 D = Non-vault monster count
 E = Vault monster count
 F = Vault count percentage of total count
                 A         B        C        D         E       F
            +---------+---------+-------+---------+---------+-------
      Total |      75 |     254 |  77.2 |      28 |       5 |  15.2
            +---------+---------+-------+---------+---------+-------
        D:1 |      46 |      11 |  19.3 |      17 |       3 |  15.0
        D:2 |      28 |     243 |  89.7 |      10 |       2 |  16.7
        D:3 |       1 |       0 |   0.0 |       1 |       0 |   0.0
            +---------+---------+-------+---------+---------+-------
